 Dungeon Crawl Stone Soup version 0.27.1-1-g398f81649c (webtiles) character file.

Game seed: 7229693998267092408

201 ZARRMARR the Conjurer (level 5, -1/33 HPs)
             Began as an Octopode Conjurer on Sept 13, 2021.
             Slain by a gnoll (14 damage)
             ... on level 5 of the Dungeon.
             The game lasted 00:21:05 (6386 turns).

ZARRMARR the Conjurer (Octopode Conjurer)           Turns: 6386, Time: 00:21:06

Health: -1/33      AC:  1    Str:  7    XL:     5   Next: 79%
Magic:  7/8        EV: 13    Int: 21    God:
Gold:   211        SH:  0    Dex: 10    Spells: 2/8 levels left

rFire    . . .     SeeInvis .   f - +0 dagger
rCold    . . .     Faith    .   (no shield)
rNeg     + . .     Spirit   .   (helmet restricted)
rPois    .         Reflect  .   (no amulet)
rElec    .         Harm     .   t - ring of positive energy
rCorr    .         Rampage  .   u - ring of wizardry
Will     .....                  (no ring)
Stlth    +++.......             (no ring)
HPRegen  0.11/turn              (no ring)
MPRegen  0.11/turn              (no ring)
                                (no ring)
                                (no ring)

@: no status effects
A: almost no armour, amphibious, 8 rings, camouflage 1, gelatinous body 1,
(nimble swimmer 1), tentacles
a: no special abilities


You were on level 5 of the Dungeon.
You visited 1 branch of the dungeon, and saw 5 of its levels.

You collected 211 gold pieces.

Inventory:

Hand Weapons
 f - a +0 dagger (weapon)
Missiles
 d - 4 atropa-tipped darts (quivered)
Magical Staves
 i - a staff of fire
Jewellery
 m - a ring of ice
 t - a ring of positive energy (left tentacle)
 u - a ring of wizardry (right tentacle)
Wands
 p - a wand of paralysis (8)
Scrolls
 h - 2 scrolls of blinking
 j - a scroll of fog {unknown}
 k - a scroll of vulnerability {unknown}
 o - a scroll of fear {unknown}
 q - 2 scrolls of enchant weapon {unknown}
 s - a scroll of silence
 v - a scroll of brand weapon {unknown}
 w - a scroll of teleportation {unknown}
Potions
 a - a potion of curing
 b - 2 potions of heal wounds {unknown}
 c - 2 potions of brilliance {unknown}
 e - a potion of haste {unknown}
 g - 3 potions of might {unknown}
 l - 2 potions of berserk rage
 n - a potion of attraction {unknown}
 r - a potion of magic {unknown}


   Skills:
 + Level 1.4 Fighting
 + Level 1.6 Short Blades
 + Level 2.7 Dodging
 + Level 3.8 Stealth
 - Level 2.0 Spellcasting
 * Level 4.8 Conjurations
 * Level 2.5 Hexes


You had 2 spell levels left.
You knew the following spells:

 Your Spells              Type           Power      Damage    Failure   Level
a - Magic Dart            Conj           88%        1d7       1%          1
b - Corona                Hex            13%        N/A       2%          1
c - Apportation           Tloc           4%         N/A       6%          1
d - Dazzling Flash        Conj/Hex       34%        N/A       4%          3

Your spell library contained the following spells:

 Spells                   Type           Power      Damage    Failure   Level
 Searing Ray              Conj           44%        3d4       1%          2
 Animate Skeleton         Necr           4%         N/A       6%          1
 Summon Small Mammal      Summ           8%         N/A       6%          1
 Fulminant Prism          Conj/Hex       8%         3d7       13%         4
 Iskenderun's Mystic Bla  Conj/Tloc      12%        2d5       22%         4


Dungeon Overview and Level Annotations

Branches:
Dungeon (5/15)
 Temple: D:4-7

Altars:

Annotations:
D:2 exclusion: quokka, Jessica
D:3 Natasha
D:4 Menkaure
D:5 exclusions: adder, howler monkey, iguana and scorpion


Innate Abilities, Weirdness & Mutations

You cannot wear most types of armour.
You are amphibious.
You can wear up to eight rings at the same time.
Your skin changes colour to match your surroundings (Stealth+).
Your rubbery body absorbs attacks. (AC +1, EV +1)
((You are camouflaged near water. (Stealth+)))
You have tentacles for arms and can constrict up to eight enemies at once.


Message History

Press: ? - help, Shift-Dir - straight line, f - gnoll
Aim: a gnoll, wielding a +0 whip (100% to hit)
The magic dart hits the gnoll.
The gnoll is moderately wounded.
Casting: Magic Dart (safe; 1% risk of failure)
Confirm with . or Enter, or press ? or * to list all spells.
Aiming: Magic Dart (safe; 1% risk of failure)
Press: ? - help, Shift-Dir - straight line, f/p - gnoll
Aim: a gnoll, wielding a +0 whip (moderately wounded, 100% to hit)
The magic dart hits the gnoll.
The gnoll is lightly wounded.
Unknown command.
Unknown command.
There is a stone staircase leading up here.
Casting: Magic Dart (safe; 1% risk of failure)
Confirm with . or Enter, or press ? or * to list all spells.
Aiming: Magic Dart (safe; 1% risk of failure)
Press: ? - help, Shift-Dir - straight line, f - gnoll
Aim: a gnoll, wielding a +0 spear (100% to hit)
The magic dart hits the gnoll.
The gnoll is moderately wounded.
The gnoll hits you with a +0 spear!
You barely miss the gnoll. You grab the gnoll. You squeeze the gnoll.
The gnoll is heavily wounded.
You constrict the gnoll, but do no damage.
The gnoll misses you.
You hit the gnoll but do no damage.
The gnoll is heavily wounded.
You constrict the gnoll.
The gnoll drinks a potion.
The gnoll goes berserk!
You hit the gnoll.
The gnoll is severely wounded.
You constrict the gnoll, but do no damage.
The gnoll misses you.
You hit the gnoll but do no damage.
The gnoll is severely wounded.
You constrict the gnoll. The gnoll hits you with a +0 spear!
You barely miss the gnoll.
The gnoll is almost dead.
You constrict the gnoll. The gnoll hits you with a +0 spear!
You die...

#...#........# #.
##........>...### ##
#...............# ##
................## ##.
.)............#..# ###..
###............#### ####....
##..............## #.......
#...........<...### ###.......
#............@....###.........
#............g....#...........
##........#####...###..........
#.........# ##...# ##.........
#.####....## #...## ##........
### ##....###..## ##.......
######....##...# #......#
#..............## ##.....##
#l.............# ##.....##


You could see a gnoll (berserk).

Vanquished Creatures
  A centaur zombie (D:5)
  A hound skeleton (D:5)
  Robin (D:3)
  7 adders
  2 ufetubi
  An adder skeleton (D:5)
  2 worms
  A dart slug (D:2)
  3 endoplasms
  4 giant cockroaches
  17 goblins
  3 hobgoblins
  4 kobolds
  4 quokkas
  A ball python (D:3)
  5 bats
  3 frilled lizards
  5 rats
65 creatures vanquished.

Notes
Turn   | Place    | Note
-------+----------+-------------------------------------------
     0 | D:1      | ZARRMARR the Octopode Conjurer began the quest for the Orb.
     0 | D:1      | Reached XP level 1. HP: 11/11 MP: 3/3
   653 | D:1      | Reached XP level 2. HP: 17/17 MP: 0/5
  1458 | D:2      | Reached skill level 1 in Hexes
  1717 | D:2      | Reached XP level 3. HP: 20/22 MP: 6/6
  1782 | D:2      | Learned a level 1 spell: Corona
  1784 | D:2      | Learned a level 1 spell: Apportation
  2264 | D:2      | Noticed Jessica
  2617 | D:2      | Learned a level 3 spell: Dazzling Flash
  2682 | D:3      | Noticed Natasha
  2755 | D:3      | Found a faded altar of an unknown god.
  2957 | D:3      | Reached skill level 1 in Fighting
  3232 | D:3      | Noticed Robin
  3493 | D:3      | Reached skill level 1 in Short Blades
  3498 | D:3      | Reached XP level 4. HP: 28/28 MP: 2/7
  4680 | D:3      | Killed Robin
  4856 | D:4      | Reached XP level 5. HP: 33/33 MP: 3/8
  5005 | D:4      | Noticed Menkaure
  5071 | D:5      | Entered Level 5 of the Dungeon
  6386 | D:5      | Slain by a gnoll

Illustrated notes

Levels and vault maps discovered:
D:1:      eino_arrival_cavern_a, layout_loops_ring, minmay_fountain_box,
          minmay_tromino_v7
D:2:      layout_loops_ring, chequers_serial_rivers_marsh,
          kennysheep_jessica_study
D:3:      layout_loops_ring, hellmonk_ecumenical_altar_run_dry,
          minmay_misc_feat_diagonals, uniq_robin, uniq_crazy_yiuf_cottage,
          uniq_natasha
D:4:      layout_cave_pools, lemuel_temple_firewalk_b, minmay_box_of_dots,
          uniq_menkaure
D:5:      layout_layer_cave

Skill      XL: |  1  2  3  4 |
---------------+-------------+-----
Stealth        | 3 |  3.8
Hexes          | 1 2 |  2.5
Fighting       | 1 |  1.4
Short Blades   | 1 |  1.6
Dodging        | |  2.7
Spellcasting   | |  2.0
Conjurations   | |  4.8

Action                   |  1- 3 |  4- 6 || total
-------------------------+-------+-------++-------
Melee: Unarmed           |     8 |       ||     8
       Constrict         |     9 |     8 ||    17
       Tentacles         |     9 |     8 ||    17
       Dagger            |    49 |    64 ||   113
Throw: Dart              |     3 |       ||     3
 Cast: Magic Dart        |    43 |    35 ||    78
       Apportation       |    22 |    26 ||    48
Evoke: Wand              |       |     2 ||     2
  Use: Scroll            |     4 |       ||     4
       Potion            |       |     4 ||     4
 Stab: Sleeping          |    10 |     6 ||    16
       Invisible         |     1 |       ||     1
       Paralysed         |       |     2 ||     2
Armor: Skin              |     6 |     5 ||    11
Dodge: Dodged            |    24 |    40 ||    64
